 Dungeon Crawl Stone Soup version 0.20.1-1-g8b1a95d (webtiles) character file.

50707 esteth the Brawler (level 14, -1/117 HPs)
             Began as a Troll Monk on Oct 17, 2017.
             Was the Champion of Ru.
             Killed from afar by an ogre mage (62 damage)
             ... with a crystal spear
             ... on level 15 of the Dungeon on Oct 18, 2017.
             The game lasted 01:02:57 (17519 turns).

esteth the Brawler (Troll Monk)                    Turns: 17519, Time: 01:02:58

Health: -1/117     AC: 12    Str: 24    XL:     14   Next: 20%
Magic:  11/11      EV:  8    Int:  6    God:    Ru [******]
Gold:   1174       SH: 12    Dex: 18    Spells: 13/13 levels left

rFire    . . .     SeeInvis +     - Unarmed
rCold    . . .     Gourm    +   G - +1 shield
rNeg     . . .     Faith    .   V - +1 acid dragon scales
rPois    .         Spirit   .   Q - +2 hat
rElec    .         Reflect  .   l - scarf {rC+ rF+}
rCorr    +         Harm     .   (gloves unavailable)
MR       ++...                  (boots unavailable)
Stlth    +++.......             X - amulet of rage
Regen    0.7/turn               L - ring "Paneifim" {Wiz MR+ Dex+4 Stlth+}
MPRegen  0.2/turn               R - ring of see invisible

@: no status effects
A: unfitting armour, claws 3, fast metabolism 3, frail 1, gourmand, low mp 1,
regeneration 1, shaggy fur 1, tough skin 2, inability to train dodging,
temperature sensitive
a: Draw Out Power, Power Leap, Apocalypse, Renounce Religion, Evoke Berserk Rage


You were on level 15 of the Dungeon.
You worshipped Ru.
Ru was exalted by your worship.
You were full.

You visited 2 branches of the dungeon, and saw 20 of its levels.

You collected 1174 gold pieces.

Inventory:

Missiles
 a - 12 large rocks (quivered)
Armour
 l - a scarf of resistance (worn)
 z - a +0 troll leather armour
 G - a +1 shield (worn)
 Q - a +2 hat (worn)
 V - +1 acid dragon scales (worn)
Jewellery
 d - an uncursed ring of protection from cold {unknown}
 g - an uncursed ring of protection from fire
 w - an uncursed ring of stealth
 H - an uncursed ring of flight
 L - the ring "Paneifim" (left claw) {Wiz MR+ Dex+4 Stlth+}
   (You found it on level 7 of the Dungeon)

   [ring of wizardry]

   It improves your spell success rate.
   It affects your dexterity (+4).
   It affects your resistance to hostile enchantments.
   It makes you more stealthy.
 R - a ring of see invisible (right claw)
 X - an amulet of rage (around neck)
Wands
 p - a wand of digging (22/24)
 u - a wand of lightning (4/15)
 N - a wand of lightning (6/15)
 W - a wand of flame (20/48)
 Y - a wand of iceblast (4/15)
Scrolls
 e - 2 scrolls of recharging
 h - a scroll of enchant armour
 k - 2 scrolls of magic mapping
 m - 7 scrolls of fog
 n - 10 scrolls of identify
 q - a scroll of blinking
 s - 7 scrolls of teleportation
 y - a scroll of enchant weapon
 D - 2 scrolls of fear
 P - 11 scrolls of remove curse
Potions
 c - 3 potions of degeneration {unknown}
 f - 12 potions of curing
 i - 4 potions of might {unknown}
 t - 4 potions of haste {unknown}
 v - a potion of ambrosia {unknown}
 x - 2 potions of flight {unknown}
 B - 2 potions of invisibility
 C - 4 potions of agility {unknown}
 E - 2 potions of heal wounds
 F - 5 potions of berserk rage {unknown}
 I - 6 potions of lignification {unknown}
 J - a potion of magic {unknown}
 K - a potion of resistance {unknown}
Books
 o - a book of Battle

   Spells                             Type                      Level
   a - Infusion                       Charms                       1
   b - Shroud of Golubria             Charms/Translocation         2
   c - Song of Slaying                Charms                       2
   d - Spectral Weapon                Hexes/Charms                 3
   e - Regeneration                   Charms/Necromancy            3
Miscellaneous
 U - a lamp of fire
Comestibles
 b - 11 bread rations
 j - 11 meat rations
 r - 14 royal jellies
 A - 17 fruits


   Skills:
 - Level 6.1 Fighting
 - Level 8.5 Throwing
 - Level 1.0 Stealth
 - Level 7.9 Shields
 + Level 19.0 Unarmed Combat


You had 13 spell levels left.
You didn't know any spells.

Dungeon Overview and Level Annotations

Branches:
Dungeon (15/15)            Temple (0/1) D:4            Lair (5/6) D:10
  Swamp (0/4) Lair:3        Snake (0/4) Lair:2        Slime (0/5) Lair:5
    Orc (0/2) D:10         Vaults (0/5) D:13
 Depths: D:15

Altars:
Ashenzari
Cheibriados
Dithmenos
Fedhas
Gozag
Makhleb
Nemelex Xobeh
Qazlal
Ru
Uskayaw
Vehumet
Xom
Yredelemnul
Zin
Jiyva

Shops:
D:11 *   D:13 *[:}   D:15 =

Annotations:
D:10 exclusion: hydra


Innate Abilities, Weirdness & Mutations

You are too large for most types of armour.
You have claws for hands.
Your metabolism is lightning-fast.
You are frail. (-10% HP)
You like to eat raw meat.
Your magical capacity is low. (-10% MP)
Your natural rate of healing is unusually fast.
You are covered in fur. (AC +1)
You have very tough skin. (AC +2)
You cannot train Dodging skill.
You are sensitive to extremes of temperature. (rF-, rC-)


Message History

You kill the two-headed ogre!
The ogre mage begins to cast a spell, but is stunned by your will!
You claw the two-headed ogre!
The two-headed ogre is moderately wounded.
The ogre mage begins to cast a spell, but is stunned by your will!
You block the two-headed ogre's attack.
The two-headed ogre hits you with a giant club.
You focus your will and illuminate the two-headed ogre in retribution!
You mangle the two-headed ogre!!
The two-headed ogre is severely wounded.
You eviscerate the two-headed ogre!!!
You kill the two-headed ogre!
Your Unarmed Combat skill increases to level 19!
The ogre mage hits you from afar with a spear.
A harpy skeleton comes into view.
A komodo dragon comes into view.
The ogre mage gestures at you while chanting.
The crystal spear hits you!
Ouch! That really hurt!
You die...

#### #.........##
.... +...........
#### #............
..# #............
..# #............
..# #...........
..#######
#....Z......
........#######..♣.#
...............♣@∩.♣
........########.♣##
........# #..#
........# ##O#
........# #O#
........#


#Ol ........# ##.. ######### ..# #+# You could see 2 two-headed ogres, an ogre
mage, a komodo dragon (wandering) and a harpy skeleton.

Vanquished Creatures
  An ogre mage (D:13)
  A catoblepas (D:14)
  9 two-headed ogres
  6 hydras
  A skeletal warrior (D:13)
  4 unseen horrors
  A deep elf archer (D:13)
  The ghost of Feta the Digger, a novice GrEE of the Shining One (D:9)
  An orc knight (D:13)
  2 manticores
  Pikel (D:7)
  4 deep elf magi (D:13)
  4 ugly things
  3 cyclopes
  5 elephants (Lair:4)
  3 black mambas
  Maurice (D:10)
  8 spiny frogs
  2 komodo dragons
  A rime drake (Lair:1)
  4 trolls
  A hornet (D:10)
  2 slime creatures (D:12)
  Grinder (D:6)
  11 blink frogs
  4 dream sheep (Lair:5)
  11 hippogriffs
  3 wraiths
  3 wyverns
  25 yaks
  6 basilisks
  2 vampire mosquitoes (D:14)
  4 hungry ghosts
  5 nagas (Lair:2)
  Edmund (D:6)
  2 acid dragons
  2 soldier ants (D:10)
  2 hell hounds (D:10)
  7 water moccasins
  3 porcupines
  Duvessa (D:6)
  9 orc warriors
  4 sky beasts
  2 ice beasts
  2 phantoms
  8 ogres
  5 crocodiles
  8 centaurs
  22 bullfrogs
  2 wyvern zombies (D:6)
  A gnoll sergeant (D:5)
  Dowan (D:6)
  A wyvern skeleton (D:13)
  6 scorpions
  4 wights (D:11)
  3 howler monkeys
  3 centaur zombies
  3 crimson imps
  2 bullfrog zombies
  9 orc priests
  7 centaur skeletons
  11 hounds
  4 jellies
  2 bullfrog skeletons
  4 iguanas
  11 orc wizards
  9 worker ants
  A hound skeleton (D:8)
  6 gnolls
  10 adders
  3 shadow imps
  An ooze (D:6)
  3 dart slugs
  3 worms
  3 leopard geckos
  46 orcs
  2 ball pythons
  7 bats
  8 giant cockroaches
  10 goblins
  10 hobgoblins
  7 jackals
  6 quokkas
  3 frilled lizards
  5 kobolds
  A leopard gecko skeleton (D:5)
  2 leopard gecko zombies (D:7)
  2 quokka skeletons (D:4)
  9 rats
  2 fungi (Lair:5)
  2 plants (Lair:4)
454 creatures vanquished.

Vanquished Creatures (others)
  A hydra (Lair:1)
  A two-headed ogre (D:13)
  A slime creature (D:12)
  A slave (D:7)
  An orc warrior (D:7)
  2 orc priests (D:7)
  A centaur skeleton (D:11)
  An orc wizard (D:7)
  6 orcs
  A jackal skeleton (D:4)
  3 fungi
  A plant (Lair:4)
20 creatures vanquished.

Grand Total: 474 creatures vanquished

Notes
Turn   | Place    | Note
-------+----------+-------------------------------------------
     0 | D:1      | esteth the Troll Monk began the quest for the Orb.
     0 | D:1      | Reached XP level 1. HP: 22/22 MP: 0/0
    41 | D:1      | Reached XP level 2. HP: 24/29 MP: 1/1
   216 | D:1      | Reached skill level 4 in Unarmed Combat
   433 | D:1      | Reached XP level 3. HP: 35/36 MP: 2/2
   657 | D:2      | Found a sacrificial altar of Ru.
   689 | D:2      | Became a worshipper of Ru the Awakened
   693 | D:2      | Gained mutation: You are sensitive to extremes of temperature. (rF-, rC-) [Ru sacrifice]
   693 | D:2      | Reached * piety under Ru
   693 | D:2      | Reached ** piety under Ru
   693 | D:2      | Reached *** piety under Ru
  1099 | D:2      | Found a radiant altar of Vehumet.
  1164 | D:2      | Reached XP level 4. HP: 37/44 MP: 3/3
  1260 | D:2      | Found a stormy altar of Qazlal.
  1360 | D:2      | Reached skill level 5 in Unarmed Combat
  1477 | D:3      | Found a shattered altar of Ashenzari.
  1537 | D:3      | Found a shadowy altar of Dithmenos.
  2232 | D:3      | Reached XP level 5. HP: 50/50 MP: 4/4
  2306 | D:4      | Reached skill level 6 in Unarmed Combat
  2446 | D:4      | Gained mutation: You cannot train Dodging skill. [Ru sacrifice]
  2446 | D:4      | Reached **** piety under Ru
  2511 | D:4      | Reached XP level 6. HP: 28/59 MP: 5/5
  2771 | D:4      | Reached skill level 7 in Unarmed Combat
  3084 | D:4      | Found a staircase to the Ecumenical Temple.
  3242 | D:5      | Entered Level 5 of the Dungeon
  3279 | D:5      | Noticed a sky beast
  3283 | D:5      | Reached skill level 8 in Unarmed Combat
  3289 | D:5      | Killed a sky beast
  3289 | D:5      | Reached XP level 7. HP: 34/66 MP: 6/6
  3830 | D:5      | Reached skill level 9 in Unarmed Combat
  4020 | D:5      | Reached skill level 1 in Shields
  4154 | D:6      | Noticed Grinder
  4158 | D:6      | Killed Grinder
  4158 | D:6      | Reached XP level 8. HP: 74/74 MP: 1/7
  4192 | D:6      | Found a basalt altar of Yredelemnul.
  4198 | D:6      | Noticed Edmund
  4211 | D:6      | Killed Edmund
  4211 | D:6      | Reached skill level 5 in Shields
  4296 | D:6      | Found a snail-covered altar of Cheibriados.
  4340 | D:6      | Found a blossoming altar of Fedhas.
  4395 | D:6      | Gained mutation: Your magical capacity is low. (-10% MP) [Ru sacrifice]
  4595 | D:6      | Noticed Duvessa
  4596 | D:6      | Noticed Dowan
  4604 | D:6      | Killed Duvessa
  4605 | D:6      | Killed Dowan
  4609 | D:6      | Reached XP level 9. HP: 79/80 MP: 1/7
  4997 | D:7      | Found a hide-covered altar of Uskayaw.
  5015 | D:7      | Noticed Pikel
  5035 | D:7      | Killed Pikel
  5415 | D:7      | Got a flickering pewter ring
  5428 | D:7      | Identified the ring "Paneifim" {Wiz MR+ Dex+4 Stlth+} (You found it on level 7 of the Dungeon)
  5589 | D:7      | Found a burning altar of Makhleb.
  5666 | D:7      | Reached skill level 10 in Unarmed Combat
  5717 | D:8      | Noticed a two-headed ogre
  5725 | D:8      | Killed a two-headed ogre
  5725 | D:8      | Reached skill level 11 in Unarmed Combat
  5725 | D:8      | Reached XP level 10. HP: 51/88 MP: 8/8
  6105 | D:8      | Found a shimmering altar of Xom.
  6569 | D:8      | Noticed a two-headed ogre
  6575 | D:8      | Killed a two-headed ogre
  6575 | D:8      | Reached skill level 12 in Unarmed Combat
  6702 | D:8      | Noticed a two-headed ogre
  6714 | D:8      | Killed a two-headed ogre
  6735 | D:8      | Gained mutation: You are frail. (-10% HP) [Ru sacrifice]
  6735 | D:8      | Reached ***** piety under Ru
  6735 | D:8      | Reached ****** piety under Ru
  6850 | D:8      | Noticed a two-headed ogre
  6860 | D:8      | Killed a two-headed ogre
  6860 | D:8      | Reached skill level 13 in Unarmed Combat
  7207 | D:9      | Noticed Feta's ghost (novice GrEE)
  7282 | D:9      | Killed Feta's ghost
  7373 | D:9      | Noticed a purple ugly thing
  7381 | D:9      | Killed a purple ugly thing
  7381 | D:9      | Reached XP level 11. HP: 84/84 MP: 8/8
  7387 | D:9      | Reached skill level 14 in Unarmed Combat
  7459 | D:9      | Found a shimmering altar of Xom.
  7923 | D:10     | Entered Level 10 of the Dungeon
  8023 | D:10     | Paralysed by a hornet for 2 turns
  8267 | D:10     | Found a staircase to the Lair.
  8297 | D:10     | Noticed Maurice
  8345 | D:10     | Killed Maurice
  8345 | D:10     | Reached skill level 5 in Fighting
  8594 | D:10     | Found a staircase to the Orcish Mines.
  8687 | D:10     | Noticed an eight-headed hydra
  9147 | D:11     | Found Gozag's Platinum Reserve.
  9151 | D:11     | Found an opulent altar of Gozag.
  9318 | D:11     | Noticed an unseen horror
  9325 | D:11     | Killed an unseen horror
  9765 | D:12     | Noticed an unseen horror
  9775 | D:12     | Killed an unseen horror
  9789 | D:12     | Noticed a white ugly thing
  9794 | D:12     | Killed a white ugly thing
  9794 | D:12     | Reached skill level 15 in Unarmed Combat
 10150 | D:12     | Reached XP level 12. HP: 93/102 MP: 9/9
 10400 | D:13     | Found Ygroemoq's Antique Armour Emporium.
 10401 | D:13     | Found Git Moat's Gadget Emporium.
 10403 | D:13     | Found Jymodghye's Assorted Antiques.
 10406 | D:13     | Noticed a six-headed hydra
 10412 | D:13     | Reached skill level 1 in Throwing
 10415 | D:13     | Killed a seven-headed hydra
 10495 | D:13     | Found Fiuwnapp's Book Emporium.
 10664 | D:13     | Found a sparkling altar of Nemelex Xobeh.
 10762 | D:13     | Reached skill level 5 in Throwing
 10822 | D:13     | Noticed a two-headed ogre
 10826 | D:13     | Killed a two-headed ogre
 10849 | D:13     | Noticed an ogre mage
 10856 | D:13     | HP: 1/102 [orc knight/battleaxe of electrocution (15)]
 11221 | D:13     | Killed an ogre mage
 11310 | D:13     | Noticed a two-headed ogre
 11320 | D:13     | Killed a two-headed ogre
 11721 | D:13     | Found a gate to the Vaults.
 11861 | Lair:1   | Entered Level 1 of the Lair of Beasts
 11938 | Lair:1   | Reached XP level 13. HP: 66/108 MP: 10/10
 12032 | Lair:1   | Reached skill level 16 in Unarmed Combat
 12875 | Lair:2   | Found a staircase to the Snake Pit.
 14019 | Lair:3   | Reached skill level 17 in Unarmed Combat
 14055 | Lair:3   | Found a staircase to the Swamp.
 15571 | Lair:5   | Found a viscous altar of Jiyva.
 15571 | Lair:5   | Found a staircase to the Slime Pits.
 15672 | Lair:5   | Reached skill level 18 in Unarmed Combat
 16803 | D:14     | Reached XP level 14. HP: 112/117 MP: 11/11
 17327 | D:15     | Entered Level 15 of the Dungeon
 17440 | D:15     | Noticed an angel
 17441 | D:15     | Found a glowing silver altar of Zin.
 17499 | D:15     | Found Laskoh's Jewellery Emporium.
 17516 | D:15     | Reached skill level 19 in Unarmed Combat
 17519 | D:15     | Killed from afar by an ogre mage

Skill      XL: |  1  2  3  4  5  6  7  8  9 10 11 12 13 14 |
---------------+-------------------------------------------+-----
Unarmed Combat | 4 5 6 8 9 11 13 15 18 19 | 19.0
Dodging        | 0 |  0.0
Shields        | 3 6 7 |  7.9
Fighting       | 6 |  6.1
Throwing       | 8 |  8.5
Stealth        | |  1.0

Action                   |  1- 3 |  4- 6 |  7- 9 | 10-12 | 13-15 || total
-------------------------+-------+-------+-------+-------+-------++-------
Melee: Unarmed           |   101 |   163 |   215 |   567 |   334 ||  1380
       Punch             |       |     5 |       |       |       ||     5
Throw: Large rock        |       |       |       |     1 |    14 ||    15
Invok: Sacrifice Resista |     1 |       |       |       |       ||     1
       Sacrifice Nimblen |       |     1 |       |       |       ||     1
       Power Leap        |       |       |     2 |     6 |       ||     8
       Draw Out Power    |       |       |     1 |     1 |       ||     2
       Sacrifice Essence |       |       |     1 |       |       ||     1
       Sacrifice Health  |       |       |       |     1 |       ||     1
       Apocalypse        |       |       |       |     1 |     2 ||     3
Evoke: Wand              |       |       |       |       |     1 ||     1
  Use: Scroll            |       |     2 |     3 |    17 |     5 ||    27
       Potion            |       |       |       |     8 |       ||     8
 Stab: Sleeping          |     3 |     5 |     7 |    13 |    10 ||    38
       Distracted        |       |       |     4 |     4 |     6 ||    14
       Invisible         |       |       |     1 |     9 |     6 ||    16
       Paralysed         |       |       |     1 |     9 |     3 ||    13
       Petrifying        |       |       |       |       |     2 ||     2
  Eat: Chunk             |    16 |    19 |    23 |    65 |    45 ||   168
       Bread ration      |       |       |       |       |     1 ||     1
Armor: Robe              |    48 |    29 |    32 |    51 |       ||   160
       Acid dragon scale |       |       |       |    53 |    76 ||   129
Dodge: Dodged            |    73 |    65 |    44 |   103 |    59 ||   344
Block: Shield            |       |       |    53 |   224 |   118 ||   395
